 Dungeon Sprint DCSS version 0.23.2-11-gf996548c65 (webtiles) character file.

Game seed: 12092003011429426045

1696 wilfster70 the Unseen (level 8, -1/36 HPs)
             Began as a Spriggan Enchanter on June 6, 2019.
             Was a Follower of Okawaru.
             Slain by a red devil
             ... wielding a +0 trident of flaming
             ... summoned by a kobold demonologist
              (7 damage)
             ... in the Dungeon (Sprint I: "Red Sonja").
             The game lasted 00:06:14 (487 turns).

wilfster70 the Unseen (Spriggan Enchanter)           Turns: 487, Time: 00:06:15

Health: -1/36      AC:  5    Str:  4    XL:     8   Next: 72%
Magic:  21/21      EV: 18    Int: 17    God:    Okawaru [*.....]
Gold:   446        SH:  0    Dex: 18    Spells: 17/23 levels left

rFire    . . .     SeeInvis +   a - +1 dagger
rCold    . . .     Gourm    .   (shield restricted)
rNeg     . . .     Faith    .   b - +0 robe
rPois    .         Spirit   .   (helmet restricted)
rElec    .         Reflect  .   k - +2 cloak {+Inv}
rCorr    .         Harm     .   (gloves unavailable)
MR       +....     NoTele   +   (boots unavailable)
Stlth    ++++++++..             (no amulet)
HPRegen  0.12/turn              (no ring)
MPRegen  0.17/turn              (no ring)

@: very quick
A: very small, unfitting armour, see invisible, herbivore, speed 3, slow
metabolism 2
a: Heroism, Renounce Religion, Evoke Invisibility


You were in the Dungeon.
You worshipped Okawaru.
Okawaru was aware of your devotion.
You were not hungry.

You visited 1 branch You collected 682 gold pieces.
You spent 236 gold pieces at shops.

Inventory:

Hand Weapons
 a - a +1 dagger (weapon)
Armour
 b - a +0 robe (worn)
 k - a +2 cloak of invisibility (worn)
Wands
 c - a wand of digging (4)
Scrolls
 j - a scroll of blinking
Potions
 e - a potion of curing
 g - a potion of haste
 h - 2 potions of magic
 i - a potion of cancellation {unknown}
Comestibles
 d - a ration


   Skills:
 + Level 7.0 Short Blades
 - Level 3.0 Dodging
 * Level 20.3 Stealth
 + Level 8.1 Spellcasting
 * Level 11.4 Hexes
 + Level 3.3 Invocations


You had 17 spell levels left.
You knew the following spells:

 Your Spells              Type           Power        Failure   Level  Hunger
a - Corona                Hex            #####..      1%          1    None
b - Ensorcelled Hibernat  Hex/Ice        ####..       1%          2    None
c - Confuse               Hex            #####...     1%          3    #......

Your spell library contained the following spells:

 Spells                   Type           Power        Failure   Level  Hunger
 Tukima's Dance           Hex            #####...     1%          3    #......
 Dazzling Spray           Conj/Hex       ####..       3%          3    #......


Dungeon Overview and Level Annotations

Branches:
Dungeon (1/1)

Altars:
Cheibriados
Dithmenos
Elyvilon
Fedhas
Gozag
Hepliaklqana
Kikubaaqudgha
Makhleb
Nemelex Xobeh
Okawaru
Qazlal
Ru
Sif Muna
Trog
Uskayaw
Vehumet
Wu Jian
Xom
Yredelemnul
Zin
The Shining One
Jiyva
Lugonu

Shops:
D *[[


Innate Abilities, Weirdness & Mutations

You are very small and have problems with some larger weapons.
You are too small for most types of armour.
You have supernaturally acute eyesight. (SInv)
You are a herbivore.
You cover ground extremely quickly.
You need to consume almost no food.


Message History

The kobold demonologist hits you but does no damage.
The red devil hits you from afar with a +0 trident of flaming!
The red devil burns you.
The floating eye's stare focuses on you.
The kobold demonologist hits you but does no damage.
The red devil hits you from afar with a +0 trident of flaming!
* * * LOW HITPOINT WARNING * * *
The red devil burns you.
* * * LOW HITPOINT WARNING * * *
The floating eye gazes piercingly through you!
You shrug off the repeated paralysis!
The kobold demonologist looks braver for a moment.
The kobold demonologist casts a spell.
You can move again.
There is an open door, spattered with blood here.
You feel much better.
The red devil hits you from afar with a +0 trident of flaming!
* * * LOW HITPOINT WARNING * * *
The red devil burns you!
You die...

#####################
)'..#.)'..#__#..@GK.#
.#.)'..#..'^.'..#K4.#
###'#####'#__####..3+
##..#...#.#### #####
_####..##[#
____##'#_.+
.∩...'..._#
..__##_.#+# ____###'#
###


You could see 2 kobold demonologists, a neqoxec, a red devil and a floating eye.

Vanquished Creatures
  Sonja (D)
  A deep troll (D)
  A slime creature (D)
  Sigmund (D)
  A yak (D)
  An ogre (D)
  A jelly (D)
  Ijyb (D)
8 creatures vanquished.

Notes
Turn   | Place    | Note
-------+----------+-------------------------------------------
     0 | D        | wilfster70 the Spriggan Enchanter began the quest for the
                  | Orb.
     0 | D        | Reached XP level 1. HP: 9/9 MP: 5/5
     2 | D        | Noticed Ijyb
    10 | D        | Killed Ijyb
    10 | D        | Reached skill level 10 in Stealth
    10 | D        | Reached XP level 2. HP: 7/13 MP: 6/6
   192 | D        | Noticed an ogre
   195 | D        | Killed an ogre
   195 | D        | Reached skill level 14 in Stealth
   195 | D        | Reached XP level 3. HP: 16/16 MP: 8/8
   195 | D        | Reached XP level 4. HP: 21/21 MP: 9/9
   204 | D        | Noticed Sigmund
   207 | D        | Killed Sigmund
   207 | D        | Reached skill level 18 in Stealth
   207 | D        | Reached XP level 5. HP: 24/24 MP: 10/10
   207 | D        | Reached XP level 6. HP: 28/28 MP: 11/11
   255 | D        | Found a deep blue altar of Sif Muna.
   256 | D        | Found an ornate altar of the Wu Jian Council.
   257 | D        | Found a radiant altar of Vehumet.
   266 | D        | Learned a level 3 spell: Confuse
   284 | D        | Noticed Sonja
   288 | D        | Killed Sonja
   288 | D        | Reached skill level 5 in Short Blades
   288 | D        | Reached skill level 19 in Stealth
   288 | D        | Reached XP level 7. HP: 32/32 MP: 11/17
   292 | D        | Learned a level 2 spell: Ensorcelled Hibernation
   335 | D        | Found Tujetilo's Armour Emporium.
   335 | D        | Found an ancient bone altar of Kikubaaqudgha.
   335 | D        | Found a hazy altar of Hepliaklqana.
   335 | D        | Found a stormy altar of Qazlal.
   335 | D        | Found a hide-covered altar of Uskayaw.
   335 | D        | Found a blossoming altar of Fedhas.
   335 | D        | Found a bloodstained altar of Trog.
   335 | D        | Found an iron altar of Okawaru.
   335 | D        | Found a basalt altar of Yredelemnul.
   335 | D        | Found a glowing golden altar of the Shining One.
   335 | D        | Found a snail-covered altar of Cheibriados.
   335 | D        | Found a sacrificial altar of Ru.
   335 | D        | Found a glowing silver altar of Zin.
   335 | D        | Found a shadowy altar of Dithmenos.
   335 | D        | Found a white marble altar of Elyvilon.
   335 | D        | Noticed a yak
   336 | D        | Found an opulent altar of Gozag.
   337 | D        | Killed a yak
   337 | D        | Reached XP level 8. HP: 36/36 MP: 17/19
   338 | D        | Found a sparkling altar of Nemelex Xobeh.
   343 | D        | Became a worshipper of Warmaster Okawaru
   363 | D        | Noticed a deep troll
   367 | D        | Killed a deep troll
   367 | D        | Reached * piety under Okawaru
   367 | D        | Reached skill level 20 in Stealth
   385 | D        | Found Vutaotac's Armour Emporium.
   412 | D        | Bought a +2 cloak of invisibility for 236 gold pieces
   429 | D        | Found Jepnutik's General Store.
   463 | D        | Found a viscous altar of Jiyva.
   463 | D        | Found a corrupted altar of Lugonu.
   463 | D        | Noticed a slime creature
   464 | D        | Found a burning altar of Makhleb.
   464 | D        | Found a shimmering altar of Xom.
   466 | D        | Killed a slime creature
   479 | D        | Noticed a kobold demonologist
   480 | D        | Noticed a kobold demonologist
   482 | D        | Paralysed by a floating eye for 4 turns
   484 | D        | Noticed a red devil
   487 | D        | Slain by a red devil

Skill      XL: |  1  2  3  4  5  6  7  8 |
---------------+-------------------------+-----
Stealth        | 10 14 18 19 20 | 20.3
Short Blades   | 5 7 |  7.0
Spellcasting   | 6 8 |  8.1
Hexes          | 9 11 | 11.4
Invocations    | 3 |  3.3
Dodging        | |  3.0

Action                   |  1- 3 |  4- 6 |  7- 9 || total
-------------------------+-------+-------+-------++-------
Melee: Dagger            |     6 |     3 |     3 ||    12
Evoke: Wand              |       |     1 |       ||     1
  Use: Potion            |     1 |       |     1 ||     2
 Stab: Sleeping          |     2 |     3 |     3 ||     8
Armor: Robe              |       |       |     1 ||     1
Dodge: Dodged            |     1 |       |       ||     1
